 Dungeon Crawl Stone Soup version 0.24-a0-274-gb3763e6 (webtiles) character file.

Game seed: 12228548756617373229

47 Ijustatesigmund the Cudgeler (level 3, 0/26 HPs)
             Began as an Octopode Fighter on Apr 26, 2019.
             Slain by a bullfrog skeleton (4 damage)
             ... on level 2 of the Dungeon.
             The game lasted 00:01:05 (906 turns).

Ijustatesigmund the Cudgeler (Octopode Fighter)      Turns: 906, Time: 00:01:06

Health: 0/26       AC:  1    Str: 15    XL:     3   Next: 70%
Magic:  3/3        EV: 11    Int: 10    God:
Gold:   41         SH:  8    Dex: 12    Spells: 2/2 levels left

rFire    . . .     SeeInvis .   a - +0 flail
rCold    . . .     Gourm    .   b - +0 shield
rNeg     . . .     Faith    .   (helmet restricted)
rPois    .         Spirit   .   (no amulet)
rElec    .         Reflect  .   (no ring)
rCorr    .         Harm     .   (no ring)
MR       .....                  (no ring)
Stlth    ++........             (no ring)
HPRegen  0.08/turn              (no ring)
MPRegen  0.08/turn              (no ring)
                                (no ring)
                                (no ring)

@: lethally poisoned (0 -> -4)
A: almost no armour, stealthy swim, amphibious, 8 rings, constrict 8, camouflage
1, gelatinous body 1
a: no special abilities


You were on level 2 of the Dungeon.
You were not hungry.

You visited 1 branch of the dungeon, and saw 2 of its levels.

You collected 41 gold pieces.

Inventory:

Hand Weapons
 a - a +0 flail (weapon)
Armour
 b - a +0 shield (worn)
Jewellery
 h - an uncursed amulet of the acrobat {unknown}
Scrolls
 f - a scroll of random uselessness {unknown}
 i - a scroll of teleportation {unknown}
 k - a scroll of enchant weapon {unknown}
 l - a scroll of amnesia {unknown}
Potions
 c - a potion of might
 e - a potion of flight {unknown}
 g - a potion of heal wounds {unknown}
 m - a potion of lignification {unknown}
Comestibles
 d - 2 rations


   Skills:
 - Level 3.0 Fighting
 + Level 3.9 Maces & Flails
 - Level 3.0 Dodging
 - Level 3.0 Shields


You had 2 spell levels left.
You didn't know any spells.
Your spell library was empty.

Dungeon Overview and Level Annotations

Branches:
Dungeon (2/15)

Altars:


Innate Abilities, Weirdness & Mutations

You cannot wear most types of armour.
You are very stealthy in the water. (Stealth+)
You are amphibious.
You can wear up to eight rings at the same time.
You can use your tentacles to constrict eight enemies at once.
Your skin changes colour to match your surroundings (Stealth+).
Your rubbery body absorbs attacks. (AC +1, EV +1)


Message History

You are too injured to fight recklessly!
You are too injured to fight recklessly!
You are too injured to fight recklessly!
You sock the adder! You grab the adder.
The adder is almost dead.
You constrict the bullfrog skeleton. You constrict the adder.
You kill the adder!
The bullfrog skeleton hits you.
* * * LOW HITPOINT WARNING * * *
You release your grip on the bullfrog skeleton.
* * * LOW HITPOINT WARNING * * *
You feel sick.
The bullfrog skeleton barely misses you.
The bullfrog skeleton closely misses you.
You see here 24 stones.
You barely miss the bullfrog skeleton. You grab the bullfrog skeleton.
You squeeze the bullfrog skeleton, but do no damage.
The bullfrog skeleton is almost destroyed.
You constrict the bullfrog skeleton. The bullfrog skeleton hits you.
You die...

......................
........#....<.......
........#............
##.####.#............
#<####.##...........
#.............$##...
###.......####### ###
#.......#Z...#
#...#......@#
#..##.....#.# #..
#..)..#.# ...
#.......# .. #.....#..
#.....##. #.....# ##
######


You could see a bullfrog skeleton.

Vanquished Creatures
  An adder (D:2)
  An ooze (D:1)
  A dart slug (D:1)
  2 giant cockroaches (D:1)
  3 hobgoblins (D:1)
  10 jackals (D:1)
  5 bats (D:1)
  3 kobolds (D:1)
  4 rats (D:1)
30 creatures vanquished.

Notes
Turn   | Place    | Note
-------+----------+-------------------------------------------
     0 | D:1      | Ijustatesigmund the Octopode Fighter began the quest for
                  | the Orb.
     0 | D:1      | Reached XP level 1. HP: 16/16 MP: 1/1
    37 | D:1      | You fall through a shaft!
   211 | D:1      | Reached XP level 2. HP: 16/21 MP: 2/2
   547 | D:1      | Reached XP level 3. HP: 24/26 MP: 3/3
   906 | D:2      | Slain by a bullfrog skeleton

Levels and vault maps discovered:
D:1:      lightli_arrival_statue_moat, layout_loops_ring
D:2:      layout_rooms

Skill      XL: |  1  2 |
---------------+-------+-----
Maces & Flails | 3 |  3.9
Fighting       | |  3.0
Dodging        | |  3.0
Shields        | |  3.0

Action                   || total
-------------------------++-------
Melee: Flail             ||    54
       Constrict         ||    17
       Tentacles         ||     7
 Stab: Sleeping          ||     5
Armor: Skin              ||     5
Dodge: Dodged            ||    29
Block: Shield            ||    20

Table legend:
 A = Non-vault XP
 B = Vault XP
 C = Vault XP percentage of total XP
 D = Non-vault monster count
 E = Vault monster count
 F = Vault count percentage of total count
                 A         B        C        D         E       F
            +---------+---------+-------+---------+---------+-------
      Total |      68 |       0 |   0.0 |      30 |       0 |   0.0
            +---------+---------+-------+---------+---------+-------
        D:1 |      55 |       0 |   0.0 |      29 |       0 |   0.0
        D:2 |      13 |       0 |   0.0 |       1 |       0 |   0.0
            +---------+---------+-------+---------+---------+-------
